 Dungeon Crawl Stone Soup version 0.18-a0-1575-g920359c (webtiles) character file.

5687 HandofTrog the Bludgeoner (level 10, -3/110 HPs)
             Began as an Ogre Berserker on Mar 16, 2016.
             Was an Elder of Trog.
             Slain by a yak (7 damage)
             ... on level 9 of the Dungeon.
             The game lasted 00:36:25 (12539 turns).

HandofTrog the Bludgeoner (Ogre Berserker)         Turns: 12539, Time: 00:36:26

Health: -3/110     AC:  8    Str: 24    XL:     10   Next: 75%
Magic:  10/10      EV: 13    Int:  6    God:    Trog [****..]
Gold:   223        SH:  3    Dex: 12    Spells: 0 memorised, 9 levels left

rFire  . . .     SeeInvis .     N - +0 giant spiked club
rCold  + . .     Gourm    .     J - +2 robe of Modesty {rC+ MR+}
rNeg   . . .     Faith    .     (shield currently unavailable)
rPois  +         Spirit   .     (helmet restricted)
rElec  .         Dismiss  .     n - +2 cloak {rPois}
rCorr  +         Reflect  +     (gloves unavailable)
SustAt .         Harm     .     (boots unavailable)
MR     ++...                    h - +3 amulet of reflection
Stlth  +.........               (no ring)
                                C - ring of resist corrosion

@: exhausted, very slightly contaminated, slowed, drained, very slow, very
resistant to hostile enchantments, very unstealthy
A: unfitting armour, tough skin 1
a: Berserk, Trog's Hand, Brothers in Arms, Burn Spellbooks, Renounce Religion


You were on level 9 of the Dungeon.
You worshipped Trog.
Trog was greatly pleased with you.
You were near starving.

You visited 1 branch of the dungeon, and saw 9 of its levels.
You also visited: Ossuary.

You collected 388 gold pieces.
You spent 165 gold pieces at shops.

Inventory:

Hand Weapons
 a - a +0 mace
 m - a cursed +3 dire flail
 N - a +0 giant spiked club (weapon)
Missiles
 g - 5 throwing nets (quivered)
 V - 12 silver bolts
Armour
 b - a +0 animal skin
 n - a +2 cloak of poison resistance (worn)
 J - the +2 robe of Modesty (worn) {rC+ MR+}
   (You bought it in a shop on level 4 of the Dungeon)

   It protects you from cold.
   It affects your resistance to hostile enchantments.
 S - a +2 robe of the Archmagi
Jewellery
 h - a +3 amulet of reflection (around neck)
 C - a ring of resist corrosion (left hand)
Wands
 w - a wand of disintegration (17/24)
 K - a wand of acid (10/15)
 L - a wand of lightning (3/15)
 O - a wand of hasting (3/9)
 P - a wand of slowing (23/48)
 T - a wand of lightning (8/15)
Scrolls
 c - a scroll of vulnerability {unknown}
 d - 2 scrolls of amnesia {unknown}
 f - 2 scrolls of teleportation {unknown}
 j - 2 scrolls of enchant weapon {unknown}
 q - 4 scrolls of remove curse
 s - a scroll of recharging {unknown}
 x - a scroll of blinking {unknown}
 y - 3 scrolls of immolation {unknown}
 A - a scroll of silence {unknown}
 F - a scroll of noise {unknown}
 H - a scroll of fear {unknown}
 M - a scroll of enchant armour {unknown}
 Q - a scroll of acquirement {unknown}
Potions
 l - 8 potions of curing
 o - 2 potions of agility
 t - 2 potions of resistance
 v - 2 potions of flight
 z - 3 potions of ambrosia
 B - 2 potions of magic
 D - a potion of lignification
 I - 2 potions of might
 R - a potion of degeneration
Books
 r - a book of Spatial Translocations

   Spells                             Type                      Level
   a - Apportation                    Translocation                1
   b - Blink                          Translocation                2
   c - Shroud of Golubria             Charms/Translocation         2
   d - Portal Projectile              Translocation                3
   e - Teleport Other                 Translocation                3
   f - Passage of Golubria            Translocation                4
   Trog disapproves of the use of such an item.
 G - a book of Transfigurations

   Spells                             Type                      Level
   a - Irradiate                      Conjuration/Transmutation    5
   b - Statue Form                    Transmutation/Earth          6
   c - Hydra Form                     Transmutation                6
   d - Dragon Form                    Transmutation                7
   Trog disapproves of the use of such an item.
 U - a book of Burglary

   Spells                             Type                      Level
   a - Swiftness                      Charms/Air                   2
   b - Passwall                       Transmutation/Earth          2
   c - Passage of Golubria            Translocation                4
   d - Lee's Rapid Deconstruction     Earth                        5
   e - Darkness                       Hexes                        6
   f - Invisibility                   Hexes                        6
   Trog disapproves of the use of such an item.
Comestibles
 k - 5 meat rations
 p - 7 beef jerkies
 u - 2 slices of pizza
 E - 7 bread rations


   Skills:
 - Level 10.3(10.2) Fighting
 - Level 15.2(15.1) Maces & Flails
 + Level 7.1 Dodging


You had 9 spell levels left.
You didn't know any spells.

Dungeon Overview and Level Annotations

Branches:
Dungeon (9/15)             Temple (0/1) D:6
   Lair: D:8-11         Orc: D:9-12

Altars:
Fedhas
Kikubaaqudgha
Makhleb
Nemelex Xobeh
Okawaru
Sif Muna
Trog
Yredelemnul

Shops:
D:4 [   D:7 (

Annotations:
D:9 Psyche


Innate Abilities, Weirdness & Mutations

You are too large for most types of armour.
You have tough skin (AC +1).


Message History

You blink.
You feel a strong urge to attack something.
You feel your anger subside.
You are no longer berserk.
You are exhausted.
You feel yourself slow down.
You are near starving!
Drink which item? (? for menu, Esc to quit)
You fade into invisibility!
The yak gores you but does no damage. The yak barely misses you.
You flicker for a moment.
The yak misses you.
You flicker back into view.
The yak closely misses you. The yak misses you. Psyche casts a spell at you.
The puff of flame hits you!
* * * LOW HITPOINT WARNING * * *
You fail to use your ability.
The yak gores you!
You die...

#.#.#########)#....##.#
#...........#Y#†...# ..#
###.#######§#.#.Y..# ...
#.......#.#.#Y...# ###
#########.#.#.#.Y.(#
#.............#....#
#.#######@#...#....# #.#
#...Y.#.#....##### #.#
#@#.#.#.#....##... #.#
#Y#.#.#.#....##... #.#
#Y#.#.#.#######...
#.#####.#.#.#.# #...
#.#.....#.#.#.# #...
#.#.#####.#.#.# #†..
#.#.#####.#.#.#######...
#.#.......#.............
#.###########.#######...


You could see Psyche and 3 yaks.

Vanquished Creatures
  An unseen horror (D:8)
  A hill giant (D:6)
  Prince Ribbit (D:9)
  A wyvern (D:8)
  A yak (D:9)
  2 hippogriffs (D:8)
  Duvessa (D:6)
  An ice beast (D:8)
  5 ogres
  3 orc warriors
  A phantom (D:7)
  2 centaurs
  A crocodile (D:8)
  A big kobold (D:8)
  3 giant frogs
  4 elf skeletons (D:4)
  A wyvern skeleton (D:7)
  2 scorpions
  Dowan (D:6)
  3 killer bees (D:7)
  13 wights
  5 crimson imps
  A centaur zombie (D:7)
  3 hounds
  A quasit (D:8)
  2 human zombies (D:4)
  4 orc priests
  A giant frog skeleton (D:8)
  A jelly (D:7)
  3 orc wizards
  A centaur skeleton (D:5)
  2 iguanas
  10 worker ants
  A hound skeleton (D:3)
  12 mummies (Ossuary)
  4 gnolls (D:3)
  7 adders
  3 shadow imps
  An adder zombie (D:8)
  An adder skeleton (D:7)
  4 worms (D:3)
  3 dart slugs
  5 giant geckos
  23 orcs
  9 bats
  5 giant cockroaches
  6 goblins
  6 hobgoblins
  12 kobolds
  4 quokkas
  A ball python (D:3)
  A giant gecko skeleton (D:4)
  6 giant newts
  2 gnoll skeletons (Ossuary)
  3 goblin skeletons (Ossuary)
  2 kobold skeletons (Ossuary)
  An orc skeleton (Ossuary)
  2 quokka skeletons
  6 rats
  11 rat skeletons (Ossuary)
224 creatures vanquished.

Notes
Turn   | Place    | Note
--------------------------------------------------------------
     0 | D:1      | HandofTrog the Ogre Berserker began the quest for the Orb.
     0 | D:1      | Reached XP level 1. HP: 24/24 MP: 1/1
   308 | D:1      | Reached XP level 2. HP: 32/32 MP: 2/2
   382 | D:1      | Reached skill level 5 in Maces & Flails
   594 | D:1      | Found a sparkling altar of Nemelex Xobeh.
  1136 | D:1      | Reached XP level 3. HP: 34/39 MP: 3/3
  1198 | D:2      | Reached ** piety under Trog
  1308 | D:2      | Reached skill level 6 in Maces & Flails
  1533 | D:2      | Reached XP level 4. HP: 23/48 MP: 4/4
  1957 | D:2      | Found an ancient bone altar of Kikubaaqudgha.
  2302 | D:3      | Reached skill level 7 in Maces & Flails
  2324 | D:3      | Reached XP level 5. HP: 15/54 MP: 5/5
  2799 | D:3      | Reached skill level 8 in Maces & Flails
  3307 | D:3      | Reached XP level 6. HP: 57/62 MP: 6/6
  3427 | D:4      | Found Ipuopaq's Antique Armour Shop.
  3459 | D:4      | Reached *** piety under Trog
  3585 | D:4      | Reached skill level 9 in Maces & Flails
  3665 | D:4      | Reached skill level 10 in Maces & Flails
  3665 | D:4      | Reached XP level 7. HP: 29/70 MP: 7/7
  3751 | D:4      | Found a sand-covered staircase.
  3768 | Ossuary  | Entered an ossuary
  4280 | Ossuary  | Reached skill level 11 in Maces & Flails
  5218 | D:4      | Found a blossoming altar of Fedhas.
  5610 | D:4      | Reached XP level 8. HP: 47/78 MP: 8/8
  5766 | D:5      | Entered Level 5 of the Dungeon
  5867 | D:5      | Reached skill level 12 in Maces & Flails
  6525 | D:5      | Reached skill level 13 in Maces & Flails
  6979 | D:5      | Found a bloodstained altar of Trog.
  7223 | D:5      | Found a deep blue altar of Sif Muna.
  7645 | D:4      | Bought a smoking robe for 165 gold pieces
  7655 | D:4      | Identified the +2 robe of Modesty {rC+ MR+} (You bought it in a shop on level 4 of the Dungeon)
  7682 | D:4      | You fall through a shaft for 3 floors!
  7725 | D:7      | Found Qyemin's Antique Weapon Boutique.
  7773 | D:7      | Reached skill level 14 in Maces & Flails
  7989 | D:7      | Reached XP level 9. HP: 62/84 MP: 9/9
  8564 | D:7      | Reached skill level 15 in Maces & Flails
  9102 | D:7      | Reached skill level 5 in Fighting
  9763 | D:6      | Noticed a hill giant
  9789 | D:6      | Killed a hill giant
  9789 | D:6      | Reached XP level 10. HP: 27/107 MP: 10/10
  9808 | D:6      | Reached **** piety under Trog
 10160 | D:6      | Noticed Dowan
 10166 | D:6      | Noticed Duvessa
 10172 | D:6      | Killed Dowan
 10172 | D:6      | Reached skill level 10 in Fighting
 10179 | D:6      | Killed Duvessa
 10340 | D:6      | Found a staircase to the Ecumenical Temple.
 10395 | D:6      | Found an iron altar of Okawaru.
 10395 | D:6      | Found a basalt altar of Yredelemnul.
 10610 | D:8      | Killed an unseen horror
 11124 | D:8      | Reached skill level 5 in Dodging
 11185 | D:8      | Found a burning altar of Makhleb.
 11185 | D:8      | Noticed a blizzard demon
 11188 | D:8      | Noticed an orange demon
 12096 | D:9      | Noticed Prince Ribbit
 12102 | D:9      | Killed Prince Ribbit
 12469 | D:9      | Noticed Psyche
 12538 | D:9      | HP: 4/110 [Psyche/puff of flame (12)]
 12539 | D:9      | Slain by a yak

Vault maps used:
D:1:      elethiomel_arrival_quiet, minmay_misc_feat_more_columns,
          nemelex_xobeh_ov_fountains_minmay
D:2:      old_standard_altar
D:4:      overflow_temple_1_default, nicolae_ossuary_entry_catacombs,
          serial_shops, nicolae_shop_waterfront
D:5:      led_sif_pool, bloody_trog, first_bread, lemuel_flamethrower_1
D:6:      kennysheep_big_flooded_room, gammafunk_temple_overflow_elements,
          minmay_temple_entry_glass, uniq_duvessa
D:7:      serial_shops, kennysheep_mini_moat, grunt_ogre_cave
D:8:      makhleb_altar_promises_db
D:9:      nicolae_ru_awakened_eye, david_lair_shrubbed, serial_shops, shop,
          hangedman_minor_magic, uniq_erica, uniq_prince_ribbit1, uniq_joseph,
          uniq_psyche, uniq_gastronok
Ossuary:  ossuary_due_small_catacomb

Skill      XL: |  1  2  3  4  5  6  7  8  9 10 |
---------------+-------------------------------+-----
Maces & Flails | 5 6 7 8 10 11 14 15 | 15.2
Fighting       | 9 10 | 10.3
Dodging        | 7 |  7.1

Action                   |  1- 3 |  4- 6 |  7- 9 | 10-12 || total
-------------------------+-------+-------+-------+-------++-------
Melee: Mace              |   103 |   216 |   434 |       ||   753
       Giant spiked club |       |       |    39 |   173 ||   212
Throw: Throwing net      |       |       |     2 |       ||     2
Invok: Berserk           |       |     1 |     3 |     1 ||     5
       Trog's Hand       |       |       |     1 |     2 ||     3
  Use: Scroll            |       |       |    10 |     2 ||    12
       Potion            |       |       |     1 |     3 ||     4
 Stab: Sleeping          |     1 |       |       |       ||     1
  Eat: Chunk             |     2 |     7 |     4 |     5 ||    18
       Bread ration      |       |       |     2 |       ||     2
       Meat ration       |       |       |     2 |       ||     2
       Beef jerky        |       |       |       |     3 ||     3
